 Dungeon Crawl Stone Soup version 0.29.1-13-g9f3cf754e1 (webtiles) character file.

Game seed: 2853363816457254850

728 bubby the Chopper (level 7, -1/35 HPs)
             Began as a Vine Stalker Fighter on Jan 24, 2023.
             Slain by a wyvern (7 damage)
             ... on level 5 of the Dungeon.
             The game lasted 00:07:51 (3217 turns).

bubby the Chopper (Vine Stalker Fighter)            Turns: 3217, Time: 00:07:51

Health: -1/35      AC:  9    Str: 26    XL:     7   Next: 72%
Magic:  0/8        EV:  9    Int:  8    God:
Gold:   195        SH:  4    Dex: 14    Spells: 6/6 levels left

rFire   . . .      SeeInvis .   a - +0 war axe
rCold   + . .      Faith    .   c - +0 buckler
rNeg    . . .      Spirit   +   b - +0 scale mail
rPois   .          Reflect  .   i - +1 helmet
rElec   .          Harm     .   A - +0 cloak
rCorr   .          Rampage  .   (no gloves)
Will    .....                   (no boots)
Stlth   ..........              r - amulet of magic regeneration
HPRegen 0.91/turn               w - ring of protection from cold
MPRegen 0.51/turn               D - +6 ring of strength

@: no status effects
A: fangs 2, regeneration 1, magic shield, antimagic bite, no potion heal 2
a: no special abilities


You were on level 5 of the Dungeon.
You visited 2 branches of the dungeon, and saw 6 of its levels.

You collected 195 gold pieces.

Inventory:

Hand Weapons
 a - a +0 war axe (weapon)
 y - a +3 quarterstaff of chaos
Missiles
 n - 13 poisoned darts (quivered)
Armour
 b - a +0 scale mail (worn)
 c - a +0 buckler (worn)
 i - a +1 helmet (worn)
 A - a +0 cloak (worn)
 H - a +2 robe of fire resistance
Jewellery
 r - an amulet of magic regeneration (around neck)
 w - a ring of protection from cold (left hand)
 D - a +6 ring of strength (right hand)
Wands
 s - a wand of paralysis (10)
 v - a wand of roots (9)
Scrolls
 e - 2 scrolls of teleportation {unknown}
 g - 2 scrolls of silence {unknown}
 h - a scroll of vulnerability {unknown}
 k - a scroll of magic mapping {unknown}
 m - a scroll of fear {unknown}
 o - 5 scrolls of identify {unknown}
 p - a scroll of immolation {unknown}
 q - 2 scrolls of enchant weapon {unknown}
 t - a scroll of noise {unknown}
 u - 3 scrolls of brand weapon {unknown}
 C - a scroll of fog {unknown}
 F - a scroll of poison {unknown}
Potions
 d - a potion of curing
 f - a potion of mutation {unknown}
 j - a potion of heal wounds {unknown}
 l - a potion of attraction {unknown}
 x - a potion of magic {unknown}
 z - a potion of degeneration {unknown}
 B - a potion of invisibility {unknown}
 E - 2 potions of berserk rage {unknown}
 G - a potion of brilliance {unknown}


   Skills:
 - Level 2.6 Fighting
 + Level 7.8 Axes
 - Level 2.4 Armour
 - Level 2.6 Shields


You had 6 spell levels left.
You didn't know any spells.
Your spell library was empty.

Dungeon Overview and Level Annotations

Branches:
Dungeon (5/15)             Temple (1/1) D:4

Altars:
Cheibriados
Dithmenos
Elyvilon
Fedhas
Gozag
Hepliaklqana
Qazlal
Ru
Sif Muna
Trog
Vehumet
Xom
Yredelemnul
The Shining One


Innate Abilities, Weirdness & Mutations

You have extremely sharp teeth.
Your natural rate of healing is unusually fast.
When hurt, damage is shared between your health and your magic reserves.
Your bite disrupts and absorbs the magic of your enemies.
Potions cannot restore your health.


Message History

A wyvern comes into view.
The wyvern hisses angrily.
Okay, then.
Press: ? - help, v - describe, . - travel
Here: a wyvern The floor.
A wyvern is nearby!
You closely miss the wyvern. Your bite misses the wyvern.
The wyvern bites you but does no damage.
You block the wyvern's attack.
You closely miss the wyvern. You bite the wyvern, but do no damage.
The wyvern bites you. The wyvern barely misses you.
You slash the wyvern! You bite the wyvern. You drain its power.
You feel invigorated.
The wyvern is moderately wounded.
The wyvern bites you!
You hit the wyvern.
The wyvern is heavily wounded.
The wyvern bites you! The wyvern bites you.
You hit the wyvern.
The wyvern is heavily wounded.
The wyvern bites you. The wyvern closely misses you.
You barely miss the wyvern. You bite the wyvern. You drain its power.
You feel invigorated.
The wyvern is severely wounded.
The wyvern barely misses you.
You hit the wyvern.
The wyvern is almost dead.
The wyvern bites you!
* * * LOW HITPOINT WARNING * * *
You block the wyvern's attack.
You hit the wyvern but do no damage. Your bite misses the wyvern.
The wyvern is almost dead.
The wyvern bites you!
* * * LOW HITPOINT WARNING * * *
The wyvern barely misses you.
You completely miss the wyvern. You bite the wyvern, but do no damage.
The wyvern is almost dead.
The wyvern bites you!
You die...

# #.# #..#..)# .# ###.#
##.##...# ..### ##..#
#..##...#######..... ##.##
##.###...............
)).######..# #...............
#)........## #.#####.......#.
#.#####...## #.# #........#
#.##....#....#.#####.........
..##.#######....@l.........#.
.### ###.#####.......# . #.#
#.......# . #.# #......... .
#.# #......... #.# #######...
#.# #. #.#


You could see a wyvern.

Vanquished Creatures
  Sigmund (D:2)
  Pargi (D:3)
  A phantom (D:4)
  A necrophage (D:4)
  2 scorpions
  A hound (D:3)
  A gnoll bouda (D:5)
  Crazy Yiuf (D:3)
  4 gnolls (D:5)
  An adder (D:4)
  An ufetubus (D:4)
  2 worms (D:2)
  2 dart slugs
  An orc (D:4)
  5 ball pythons
  8 endoplasms
  3 giant cockroaches
  8 goblins
  7 hobgoblins
  3 jackals (D:1)
  5 quokkas
  6 bats
  3 frilled lizards
  5 kobolds
  4 rats
77 creatures vanquished.

Notes
Turn   | Place    | Note
-------+----------+-------------------------------------------
     0 | D:1      | bubby the Vine Stalker Fighter began the quest for the Orb.
     0 | D:1      | Reached XP level 1. HP: 11/11 MP: 2/2
    39 | D:1      | Reached skill level 2 in Axes
   119 | D:1      | Reached XP level 2. HP: 16/16 MP: 3/3
   483 | D:1      | Reached skill level 3 in Axes
   492 | D:1      | Reached XP level 3. HP: 19/19 MP: 4/4
  1213 | D:2      | Noticed Sigmund
  1224 | D:2      | Killed Sigmund
  1225 | D:2      | Reached skill level 5 in Axes
  1225 | D:2      | Gained mutation: Your natural rate of healing is unusually
                  | fast. [Vine Stalker growth]
  1225 | D:2      | Reached XP level 4. HP: 12/23 MP: 5/5
  1225 | D:2      | Reached XP level 5. HP: 14/27 MP: 6/6
  1377 | D:2      | Reached XP level 6. HP: 32/32 MP: 7/7
  1716 | D:3      | Found a glowing golden altar of the Shining One.
  1801 | D:3      | Noticed Pargi
  1821 | D:3      | Killed Pargi
  1822 | D:3      | Reached skill level 6 in Axes
  1910 | D:3      | Found a sacrificial altar of Ru.
  2029 | D:3      | Found a faded altar of an unknown god.
  2088 | D:3      | Found a runed translucent door.
  2089 | D:3      | Noticed Crazy Yiuf
  2150 | D:3      | Found a shadowy altar of Dithmenos.
  2227 | D:3      | Killed Crazy Yiuf
  2272 | D:4      | Found a staircase to the Ecumenical Temple.
  2277 | Temple   | Entered the Ecumenical Temple
  2354 | D:4      | Reached XP level 7. HP: 24/35 MP: 8/8
  2425 | D:4      | Reached skill level 7 in Axes
  2509 | D:4      | Found a shimmering blue altar of Sif Muna.
  3137 | D:5      | Entered Level 5 of the Dungeon
  3202 | D:5      | Noticed a wyvern
  3217 | D:5      | Slain by a wyvern

Illustrated notes

Levels and vault maps discovered:
D:1:      elethiomel_arrival_maze, layout_loops_ring
D:2:      layout_rooms, kennysheep_small_spiral, uniq_sigmund
D:3:      layout_rooms, lemuel_tele_altar, mainiacjoe_overflow_alcove_1,
          mainiacjoe_overflow_brackets, hellmonk_ecumenical_altar_zigzags,
          uniq_pargi, uniq_crazy_yiuf_cottage
D:4:      layout_basic, kennysheep_orc_sif_temple,
          minmay_temple_entry_statues_pillars
D:5:      layout_rooms, mainiacjoe_overflow_chevrons
Temple:   nicolae_temple_ecumenical_triangle

Skill      XL: |  1  2  3  4  5  6  7 |
---------------+----------------------+-----
Axes           | 2 3 5 6 7 |  7.8
Fighting       | |  2.6
Armour         | |  2.4
Shields        | |  2.6

Action                   |  1- 3 |  4- 6 |  7- 9 || total
-------------------------+-------+-------+-------++-------
Melee: War axe           |    81 |    75 |    63 ||   219
       Bite              |    13 |    21 |    14 ||    48
Evoke: Wand              |       |     1 |       ||     1
  Use: Potion            |       |     2 |       ||     2
 Stab: Paralysed         |       |     3 |       ||     3
Armor: Scale mail        |    37 |    35 |    30 ||   102
Dodge: Dodged            |    35 |    30 |    25 ||    90
Block: Buckler           |     9 |    21 |    13 ||    43
